AoeStats
← SAKI

African Clearing

510295053Analyzed
3v3 RM · 1d ago on Sep 30, 2026· 22m 14s· 6 players
Game mode
Random Map
Map size
Normal (6 player)
Population
200
Speed
Normal
Resources
Standard
Victory
Conquest
Starting age
Dark Age
Ending age
Imperial Age
RankedLock teamsTeams togetherTeam positionsShared explorationLock speedFull tech treeHidden civsTurbo modeCheats
Victory
Defeat
🇨🇳 Spanish · China
1106
+10
1036
+13
🇨🇳 Japanese · China
909
+19
1027
-16
🇪🇸 Turks · Spain
1018
-16
🇦🇺 Mongols · Australia
871
-10
Canyu
10:47 Loom
14:06 Feudal Age
14:10 Man-at-Arms
14:37 Arson
14:41 Double-Bit Axe
15:32 Horse Collar
17:18 Forging
20:04 Wheelbarrow
20:10 Padded Archer Armor
20:00 Fletching
希望大陸人有素質一點
9:27 Loom
14:31 Feudal Age
16:13 Wheelbarrow
15:24 Double-Bit Axe
19:51 Castle Age
18:39 Horse Collar
20:26 Scale Barding Armor
20:32 Forging
SAKI
14:23 Loom
16:37 Feudal Age
21:18 Castle Age
19:41 Gold Mining
19:38 Horse Collar
20:15 Double-Bit Axe
22:39 Stone Mining
AFK or first to leave? EATMY ass
14:39 Feudal Age
20:43 Scale Barding Armor
| NoTok | Wetcheese
12:01 Loom
16:45 Feudal Age
40LD_J0m3R
4:29 Loom
14:54 Feudal Age
16:36 Double-Bit Axe
20:32 Castle Age
20:18 Fletching
20:28 Padded Archer Armor
20:24 Gold Mining
20:36 Crossbowman
21:35 Bow Saw
21:49 Bodkin Arrow
Connection lost

Rejoining the realm…

Still unreachable

The connection could not be restored.

Session expired

The server has moved on; the page needs a fresh start.